 Dungeon Crawl Stone Soup version 0.25-a0-424-g80bd347ae0 (webtiles) character file.

Game seed: 13729743074365456935, levelgen mode: deterministic

15234 DerDa the Gelid (level 12, -4/74 HPs)
             Began as a Barachi Ice Elementalist on Jan 21, 2020.
             Was a Priest of Sif Muna.
             Slain by a large abomination (29 damage)
             ... in a Gauntlet.
             The game lasted 00:54:43 (14002 turns).

DerDa the Gelid (Barachi Ice Elementalist)         Turns: 14002, Time: 00:54:44

Health: -4/74      AC: 20    Str: 11    XL:     12   Next: 24%
Magic:  15/29      EV: 12    Int: 19    God:    Sif Muna [***...]
Gold:   719        SH:  0    Dex: 13    Spells: 25/37 levels left

rFire    . . .     SeeInvis .   g - +4 short sword
rCold    + . .     Gourm    .   (no shield)
rNeg     . . .     Faith    .   N - +0 leather armour {rPois}
rPois    +         Spirit   .   Q - +2 helmet
rElec    .         Reflect  .   v - +0 cloak (curse)
rCorr    .         Harm     .   R - +0 pair of gloves
MR       .....     NoTele   +   j - +0 pair of boots
Stlth    ++........             e - amulet of regeneration
HPRegen  0.62/turn              D - +3 ring of protection
MPRegen  0.21/turn              L - ring of protection from cold

@: icy armour, slow
A: +LOS, swims, slowness 1, strong legs 1
a: Hop, Channel Magic, Forget Spell, Renounce Religion


You were in a Gauntlet.
You worshipped Sif Muna.
Sif Muna was most pleased with you.
You were hungry.

You visited 3 branches of the dungeon, and saw 15 of its levels.
You also visited: Ossuary and Gauntlet.

You collected 899 gold pieces.
You spent 180 gold pieces at shops.

Inventory:

Hand Weapons
 g - a +4 short sword (weapon)
 S - a +2 short sword of speed
 X - a +0 hand crossbow
Missiles
 x - 130 sling bullets
 F - 70 bolts
 W - 24 poisoned darts (quivered)
Armour
 j - a +0 pair of boots (worn)
 v - a cursed +0 cloak (worn)
 I - a +0 shield
 N - a +0 leather armour of poison resistance (worn)
 Q - a +2 helmet (worn)
 R - a +0 pair of gloves (worn)
Jewellery
 e - an amulet of regeneration (around neck)
 l - an uncursed ring of protection from fire
 m - an uncursed ring of positive energy
 D - a +3 ring of protection (left hand)
 L - a ring of protection from cold (right hand)
 U - an uncursed amulet of magic regeneration
Wands
 u - a wand of acid (1)
 V - a wand of iceblast (13)
 Y - a wand of random effects (5)
Scrolls
 a - a scroll of silence {unknown}
 b - a scroll of vulnerability {unknown}
 h - 3 scrolls of enchant weapon
 i - a scroll of fear
 k - 12 scrolls of remove curse
 o - 2 scrolls of magic mapping
 p - 5 scrolls of teleportation
 q - 3 scrolls of enchant armour
 r - a scroll of acquirement {unknown}
 y - a scroll of identify
 B - 2 scrolls of blinking
 C - 4 scrolls of amnesia
 G - a scroll of summoning
 M - 4 scrolls of fog
Potions
 d - 3 potions of cancellation
 f - 5 potions of agility
 n - a potion of magic
 s - 5 potions of curing
 t - a potion of invisibility
 w - 3 potions of might
 z - 3 potions of flight
 A - a potion of haste {unknown}
 E - 4 potions of heal wounds
 H - 2 potions of berserk rage {unknown}
 J - 2 potions of mutation {unknown}
 K - 2 potions of lignification
 O - 2 potions of ambrosia {unknown}
 P - a potion of experience {unknown}
 T - 4 potions of brilliance {unknown}
Comestibles
 c - 28 rations


   Skills:
 - Level 2.1 Dodging
 - Level 1.7 Stealth
 * Level 13.0 Spellcasting
 * Level 4.6 Conjurations
 * Level 15.5 Ice Magic
 * Level 3.8 Invocations


You had 25 spell levels left.
You knew the following spells:

 Your Spells              Type           Power        Failure   Level  Hunger
a - Freeze                Ice            ####         0%          1    None
b - Ozocubu's Armour      Chrm/Ice       #####...     1%          3    None
c - Hailstorm             Conj/Ice       ######..     1%          4    #......
d - Summon Ice Beast      Ice/Summ       #####...     3%          4    #......

Your spell library contained the following spells:

 Spells                   Type           Power        Failure   Level  Hunger


Dungeon Overview and Level Annotations

Branches:
Dungeon (11/15)            Temple (1/1) D:5            Lair (4/6) D:8
    Orc (0/2) D:11        Ossuary (visited)         Gauntlet (1/1)
  Swamp: Lair:2-4    Shoals: Lair:2-4     Snake: Lair:2-4    Spider: Lair:2-4

Altars:
Ashenzari
Cheibriados
Dithmenos
Elyvilon
Fedhas
Gozag
Hepliaklqana
Kikubaaqudgha
Makhleb
Nemelex Xobeh
Okawaru
Qazlal
Ru
Sif Muna
Trog
Uskayaw
Vehumet
Wu Jian
Xom
Yredelemnul
Zin
The Shining One

Shops:
D:7 ![

Annotations:
Lair:1 exclusion: door Gauntlet 11 transporters


Innate Abilities, Weirdness & Mutations

You can be seen from farther away. (+LOS)
You can swim through water.
You cover ground slowly.
You can hop short distances.


Message History

You blink.
The small abomination blinks!
Unknown command.
You swap places.
Something hits your ice beast but does no damage.
The large abomination hits your ice beast!!
Your ice beast dies!
You swap places.
The small abomination enters a dispersal trap!
The large abomination blinks!
The small abomination blinks!
The large abomination hits you but does no damage.
You hit the large abomination.
The large abomination is lightly damaged.
The large abomination closely misses you.
The small abomination hits your ice beast!!
Casting: Summon Ice Beast (safe; 3% risk of failure)
Confirm with . or Enter, or press ? or * to list all spells.
A film of ice covers your body! The large abomination hits you.
The small abomination misses your ice beast.
The large abomination hits you!!
You die...

#≈.∩.............................
##......∩........................
##≈#≈#≈..#########..#########..#
######§.#.##....#..#.......#..#
#≈..#..##^x##..#..#....#..#
##..#§^x#X######5###...####
#§§©#.##x##©#©©#..#©#.©#©©#
##..###.#Y^[####5..###!####
#≈..##.^##@.#..#4...#.=#..#
##..#...©##X#..#....555#..#
#≈..#########..#########..#
##.........................
#§...................§§§...
##≈#≈#≈#≈#§#§#≈#≈#≈#≈#§#≈#≈
##########################


You could see 2 large abominations, an ice devil, 3 small abominations, 2 white
imps and a friendly ice beast.

Vanquished Creatures
  Josephine (D:11)
  Erolcha (D:9)
  2 hydras
  A two-headed ogre (D:9)
  3 spiny frogs
  A komodo dragon (D:8)
  A rime drake (Lair:4)
  Prince Ribbit (D:7)
  A hornet (D:10)
  2 hippogriffs
  4 wyverns
  2 yaks
  A hungry ghost (D:8)
  A warg (D:11)
  2 porcupines
  4 water moccasins
  6 orc warriors
  2 sky beasts
  An ice beast (D:8)
  A phantom (D:9)
  A necrophage (D:10)
  2 wolves
  5 centaurs (D:11)
  6 ogres
  3 crocodiles
  A big kobold (D:10)
  10 bullfrogs
  4 scorpions
  A wight (D:6)
  A howler monkey (D:10)
  2 electric eels (Lair:4)
  A centaur zombie (D:8)
  7 crimson imps
  2 bullfrog zombies
  4 orc priests
  2 hounds
  7 orc wizards
  2 bullfrog skeletons (D:6)
  5 iguanas
  10 worker ants
  A hound zombie (D:9)
  A mummy (Ossuary)
  A howler monkey skeleton (D:11)
  7 adders
  3 shadow imps
  3 oozes
  6 worms
  A dart slug (D:3)
  5 leopard geckos
  33 orcs
  7 giant cockroaches
  9 goblins
  6 hobgoblins
  3 jackals (D:3)
  2 quokkas
  A ball python (D:3)
  7 bats
  2 frilled lizards (D:1)
  15 kobolds
  6 rats
  A plant (D:8)
234 creatures vanquished.

Vanquished Creatures (collateral kills)
  A hydra (Lair:1)
  A cyclops (D:9)
  An ugly thing (D:11)
  A black mamba (Lair:4)
  A centaur skeleton (D:11)
  A spiny frog (Lair:1)
  A troll (D:11)
  A merfolk (D:9)
  2 hippogriffs
  5 yaks
  A wraith (D:10)
  Grum (D:10)
  Menkaure (D:6)
  Duvessa (D:7)
  A necrophage (D:6)
  A phantom (D:11)
  2 ice beasts
  An ogre (D:11)
  8 wolves
  2 centaurs (D:11)
  A bullfrog (D:6)
  Dowan (D:7)
  A scorpion (D:9)
  2 wights (D:6)
  A howler monkey (D:9)
  A crimson imp (D:9)
  An orc priest (D:8)
  An orc wizard (D:7)
  A worker ant (D:8)
  A hound skeleton (D:11)
  8 mummies
  An adder zombie (D:8)
  5 orcs
  2 jackals (D:8)
  2 hobgoblin zombies (Ossuary)
  6 orc zombies (Ossuary)
69 creatures vanquished.

Vanquished Creatures (others)
  8 plants
8 creatures vanquished.

Grand Total: 311 creatures vanquished

Notes
Turn   | Place    | Note
-------+----------+-------------------------------------------
     0 | D:1      | DerDa the Barachi Ice Elementalist began the quest for the
                  | Orb.
     0 | D:1      | Reached XP level 1. HP: 13/13 MP: 3/3
    86 | D:1      | Reached skill level 5 in Ice Magic
   106 | D:1      | Reached XP level 2. HP: 5/19 MP: 0/5
   488 | D:1      | Reached XP level 3. HP: 24/24 MP: 2/7
  1482 | D:3      | Reached XP level 4. HP: 29/30 MP: 9/9
  1523 | D:3      | Learned a level 3 spell: Ozocubu's Armour
  1528 | D:3      | Learned a level 4 spell: Hailstorm
  1624 | D:3      | Found a stormy altar of Qazlal.
  1923 | D:3      | Reached skill level 6 in Ice Magic
  2324 | D:4      | Reached XP level 5. HP: 33/35 MP: 6/11
  2395 | D:4      | Reached XP level 6. HP: 41/41 MP: 2/12
  2422 | D:4      | Reached skill level 7 in Ice Magic
  2661 | D:4      | Reached skill level 5 in Spellcasting
  3138 | D:5      | Entered Level 5 of the Dungeon
  3185 | D:5      | Noticed an ice beast
  3244 | D:5      | Learned a level 4 spell: Summon Ice Beast
  3263 | D:5      | Reached XP level 7. HP: 46/46 MP: 3/15
  3588 | D:5      | Found a staircase to the Ecumenical Temple.
  3612 | Temple   | Entered the Ecumenical Temple
  3789 | D:5      | Found an opulent altar of Gozag.
  3914 | D:5      | Reached skill level 8 in Ice Magic
  4205 | D:6      | Found a shimmering altar of Xom.
  4427 | D:6      | Reached skill level 9 in Ice Magic
  4427 | D:6      | Reached XP level 8. HP: 48/52 MP: 8/18
  4519 | D:6      | Found a snail-covered altar of Cheibriados.
  4862 | D:6      | Reached skill level 10 in Ice Magic
  4872 | D:6      | Noticed Menkaure
  4881 | D:6      | Killed Menkaure
  5133 | D:7      | Found Hedem's Distillery.
  5136 | D:7      | Bought a potion of lignification for 36 gold pieces
  5136 | D:7      | Bought a potion of agility for 48 gold pieces
  5136 | D:7      | Bought a potion of heal wounds for 60 gold pieces
  5136 | D:7      | Bought a potion of flight for 36 gold pieces
  5151 | D:7      | Noticed Duvessa
  5151 | D:7      | Noticed Dowan
  5158 | D:7      | Killed Dowan
  5161 | D:7      | Noticed Prince Ribbit
  5283 | D:7      | Killed Prince Ribbit
  5283 | D:7      | Reached XP level 9. HP: 56/56 MP: 10/21
  5797 | D:7      | Killed Duvessa
  6010 | D:7      | Found Assiaf's Armour Shop.
  6223 | D:7      | Found a bloodstained altar of Trog.
  6355 | D:8      | Paralysed by fainting for 11 turns
  6366 | D:8      | Reached skill level 11 in Ice Magic
  6380 | D:8      | Found a sand-covered staircase.
  6391 | Ossuary  | Entered an ossuary
  6759 | D:8      | Found a shimmering blue altar of Sif Muna.
  6762 | D:8      | Became a worshipper of Sif Muna the Loreminder
  6948 | D:8      | Found a blossoming altar of Fedhas.
  7241 | D:8      | Found a hazy altar of Hepliaklqana.
  7501 | D:8      | Found a staircase to the Lair.
  7501 | D:8      | Noticed a komodo dragon
  7515 | D:8      | Killed a komodo dragon
  7515 | D:8      | Reached skill level 12 in Ice Magic
  7844 | D:9      | Reached * piety under Sif Muna
  7844 | D:9      | Reached skill level 10 in Spellcasting
  7844 | D:9      | Reached XP level 10. HP: 62/62 MP: 10/24
  7876 | D:9      | Found a hide-covered altar of Uskayaw.
  7877 | D:9      | Noticed a +0 hand axe
  7877 | D:9      | Noticed a +0 dagger
  7877 | D:9      | Noticed Erolcha
  7975 | D:9      | Killed Erolcha
  7994 | D:9      | Reached skill level 13 in Ice Magic
  8000 | D:9      | Noticed a two-headed ogre
  8799 | D:9      | Found a burning altar of Makhleb.
  8799 | D:9      | Found a shadowy altar of Dithmenos.
  8873 | D:9      | Killed a two-headed ogre
  9009 | D:9      | Noticed a cyclops
  9031 | D:9      | Killed a cyclops
  9225 | D:9      | Found a sacrificial altar of Ru.
  9532 | D:10     | Entered Level 10 of the Dungeon
  9546 | D:10     | Reached ** piety under Sif Muna
  9688 | D:10     | Noticed Grum
  9702 | D:10     | Reached XP level 11. HP: 29/67 MP: 7/26
  9703 | D:10     | Reached skill level 14 in Ice Magic
  9708 | D:10     | Killed Grum
 10562 | D:11     | Noticed a purple ugly thing
 10598 | D:11     | Killed a purple ugly thing
 11133 | D:11     | Found a staircase to the Orcish Mines.
 11179 | D:11     | Reached *** piety under Sif Muna
 11730 | D:11     | Noticed Josephine
 11786 | D:11     | Killed Josephine
 11786 | D:11     | Reached skill level 1 in Conjurations
 11786 | D:11     | Reached skill level 1 in Invocations
 12005 | Lair:1   | Entered Level 1 of the Lair of Beasts
 12021 | Lair:1   | Noticed an eight-headed hydra
 12029 | Lair:1   | Killed an eight-headed hydra
 12033 | Lair:1   | Reached skill level 15 in Ice Magic
 12957 | Lair:1   | Noticed a fire crab
 12979 | Lair:1   | Noticed a four-headed hydra
 12986 | Lair:1   | Killed a four-headed hydra
 12986 | Lair:1   | Reached XP level 12. HP: 74/74 MP: 9/28
 13480 | Lair:2   | You fall into a shaft and drop 2 floors!
 13481 | Lair:4   | Noticed an eight-headed hydra
 13490 | Lair:4   | HP: 1/74 [electric eel/bolt of electricity (11)]
 13495 | Lair:4   | Killed an eight-headed hydra
 13699 | Lair:4   | Found a gate leading to a gauntlet.
 13708 | Gauntlet | Entered a Gauntlet
 13708 | Gauntlet | Found a transporter.
 13708 | Gauntlet | Found a transporter.
 13708 | Gauntlet | Found a transporter.
 13708 | Gauntlet | Found a transporter.
 13708 | Gauntlet | Noticed a large abomination
 13799 | Gauntlet | Found a transporter.
 13801 | Gauntlet | Found a transporter.
 13806 | Gauntlet | Found a transporter.
 13808 | Gauntlet | Found a transporter.
 13809 | Gauntlet | Found a transporter.
 13811 | Gauntlet | Found a transporter.
 13819 | Gauntlet | Found a transporter.
 13819 | Gauntlet | Noticed an entropy weaver
 13821 | Gauntlet | Found a transporter.
 13821 | Gauntlet | Noticed a dire elephant
 14002 | Gauntlet | Slain by a large abomination

Levels and vault maps discovered:
D:1:      wander_arrival_desolate, layout_rooms, st_stairs_10
D:2:      layout_loops_ring, first_ration
D:3:      layout_loops_ring, grunt_qazlal_clouds, grunt_decor_cap
D:4:      layout_loops_corners
D:5:      layout_loops_ring, temple_fountains, grunt_gozag_statues
D:6:      layout_basic, lemuel_doored_altar, nicolae_overflow_crystal_walls,
          uniq_menkaure
D:7:      layout_rooms, lightli_temple_of_fire, serial_shops, shop,
          nicolae_shop_temple_entry_statues_fountains,
          kennysheep_generic_room_12, uniq_prince_ribbit1, uniq_duvessa
D:8:      layout_basic, kennysheep_mini_moat, lemuel_blue_sif_altar,
          david_lair_shrubbed, basic_altar, gup_ossuary_entry_pyramid
D:9:      layout_basic, gammafunk_temple_overflow_pools,
          nicolae_ru_the_path_less_chosen, dancing_weapons_uskayaw,
          hangedman_fish_farm, uniq_erolcha
D:10:     layout_loops_corners, uniq_grum
D:11:     layout_small_grid, erik_orc_3, uniq_josephine
Temple:   minmay_temple_bridge_abc
Lair:1:   layout_gridlike, minmay_shattered_shrine, serial_bayou_shore_b
Lair:2:   mu_elephants_graveyard, layout_regular_city,
          nicolae_spider_entry_tight_spaces, maelrawn_ghost_gauntlet_escape,
          grunt_forest_large_clearings
Lair:4:   pond_and_an_island_with_a_cottage, layout_gridlike,
          gauntlet_entry_generic, gammafunk_ghost_grave, minmay_holes
Gauntlet: minmay_gauntlet_mixed_big_or_small [nicolae_gauntlet_swirl,
          minmay_gauntlet_arena_77_fan, nicolae_gauntlet_arena_grate_2,
          minmay_gauntlet_arena_77_double_cross, nicolae_gauntlet_arena_blocks,
          minmay_gauntlet_arena_77_two_paths,
          nicolae_gauntlet_exit_dead_adventurers]

Skill      XL: |  1  2  3  4  5  6  7  8  9 10 11 12 |
---------------+-------------------------------------+-----
Ice Magic      | 5 6 7 9 10 12 13 15 | 15.5
Spellcasting   | 3 4 5 6 8 10 11 12 13 | 13.0
Conjurations   | 3 4 |  4.6
Invocations    | 3 |  3.8
Dodging        | |  2.1
Stealth        | |  1.7

Action                   |  1- 3 |  4- 6 |  7- 9 | 10-12 || total
-------------------------+-------+-------+-------+-------++-------
Melee: Short sword       |    51 |    12 |   111 |    63 ||   237
Throw: Stone             |       |     7 |       |       ||     7
       Boomerang         |       |    35 |    24 |     1 ||    60
 Cast: Freeze            |    41 |    80 |   141 |   269 ||   531
       Ozocubu's Armour  |       |     1 |    18 |    37 ||    56
       Summon Ice Beast  |       |       |    50 |    53 ||   103
       Hailstorm         |       |       |     4 |    48 ||    52
 Abil: Hop               |     2 |       |     1 |     5 ||     8
Evoke: Wand              |       |       |       |     5 ||     5
  Use: Scroll            |       |    14 |     4 |     5 ||    23
       Potion            |       |       |       |     1 ||     1
 Stab: Sleeping          |     1 |       |     1 |       ||     2
       Distracted        |       |       |     3 |       ||     3
  Eat: Chunk             |     2 |     7 |    16 |    24 ||    49
       Ration            |       |       |     2 |       ||     2
Armor: Robe              |    19 |    20 |   114 |   142 ||   295
       Leather armour    |       |       |       |    18 ||    18
Dodge: Dodged            |    53 |    28 |   144 |   271 ||   496

Table legend:
 A = Non-vault XP
 B = Vault XP
 C = Vault XP percentage of total XP
 D = Non-vault monster count
 E = Vault monster count
 F = Vault count percentage of total count
                 A         B        C        D         E       F
            +---------+---------+-------+---------+---------+-------
      Total |   15458 |    6306 |  29.0 |     241 |      61 |  20.2
            +---------+---------+-------+---------+---------+-------
        D:1 |      56 |       4 |   6.7 |      27 |       3 |  10.0
        D:2 |      16 |       0 |   0.0 |       5 |       0 |   0.0
        D:3 |      41 |       0 |   0.0 |      18 |       0 |   0.0
        D:4 |     375 |       0 |   0.0 |      21 |       0 |   0.0
        D:5 |     329 |       0 |   0.0 |      18 |       0 |   0.0
        D:6 |    1198 |     103 |   7.9 |      22 |       1 |   4.3
        D:7 |     320 |     326 |  50.5 |      10 |       3 |  23.1
        D:8 |    1434 |     308 |  17.7 |      28 |       2 |   6.7
        D:9 |    3329 |    1003 |  23.2 |      26 |       2 |   7.1
       D:10 |    1014 |     482 |  32.2 |      22 |       5 |  18.5
       D:11 |    2193 |    1725 |  44.0 |      19 |      20 |  51.3
     Lair:1 |    2553 |    2259 |  46.9 |      14 |       9 |  39.1
     Lair:2 |     699 |       0 |   0.0 |       3 |       0 |   0.0
     Lair:4 |    1901 |       0 |   0.0 |       8 |       0 |   0.0
    Ossuary |       0 |      96 | 100.0 |       0 |      16 | 100.0
            +---------+---------+-------+---------+---------+-------
